 Dungeon Crawl Stone Soup version 0.29.0-13-gc9e81de378 (webtiles) character file.

Game seed: 11332071920351968217

1925 groovy9 the Basher (level 8, -5/100 HPs)
             Began as a Minotaur Berserker on Sept 8, 2022.
             Was a Believer of Trog.
             Slain by a boulder beetle (15 damage)
             ... on level 7 of the Dungeon.
             The game lasted 00:23:47 (6971 turns).

groovy9 the Basher (Minotaur Berserker)             Turns: 6971, Time: 00:23:47

Health: -5/100     AC: 15    Str: 22    XL:     8   Next: 96%
Magic:  16/16      EV:  7    Int:  4    God:    Trog [**....]
Gold:   394        SH:  0    Dex: 16    Spells: 7/7 levels left

rFire   . . .      SeeInvis .   u - +7 battleaxe of Famine {venom, rC++ MP+9 Str-2}
rCold   + + .      Faith    .   (shield currently unavailable)
rNeg    . . .      Spirit   .   A - +0 plate armour
rPois   .          Reflect  .   (helmet restricted)
rElec   .          Harm     .   m - +0 cloak
rCorr   .          Rampage  .   d - +0 pair of gloves
Will    .....                   n - +0 pair of boots
Stlth   ..........              s - amulet of magic regeneration
HPRegen 0.26/turn               a - +6 ring of dexterity
MPRegen 0.55/turn               l - +4 ring of slaying

@: berserking, studying Long Blades, very quick
A: horns 2, retaliatory headbutt
a: Renounce Religion, Berserk, Trog's Hand


You were on level 7 of the Dungeon.
You worshipped Trog.
Trog was pleased with you.
You visited 2 branches of the dungeon, and saw 8 of its levels.

You collected 394 gold pieces.

Inventory:

Hand Weapons
 u - the +7 battleaxe of Famine (weapon) {venom, rC++ MP+9 Str-2}
   (You found it on level 6 of the Dungeon)

   It poisons the flesh of those it strikes.
   Str:       It affects your strength (-2).
   rC:        It greatly protects you from cold.
   MP:        It affects your magic capacity (+9).
Missiles
 i - 6 silver javelins (quivered)
Armour
 d - a +0 pair of gloves (worn)
 m - a +0 cloak (worn)
 n - a +0 pair of boots (worn)
 A - a +0 plate armour (worn)
Jewellery
 a - a +6 ring of dexterity (left hand)
 g - a ring of ice
 k - a ring of protection from fire
 l - a +4 ring of slaying (right hand)
 s - an amulet of magic regeneration (around neck)
Wands
 c - a wand of iceblast (5)
 r - a wand of polymorph (9)
 v - a wand of charming (8)
Scrolls
 q - 2 scrolls of magic mapping
 t - 3 scrolls of teleportation
 w - 3 scrolls of blinking
 y - a scroll of butterflies
Potions
 e - 6 potions of curing
 h - a potion of heal wounds
 j - a potion of mutation
 o - a potion of flight
 z - a potion of magic
Miscellaneous
 b - a phial of floods


   Skills:
 - Level 4.7 Fighting
 * Level 6.4(9.9) Axes
 - Level 11.5(12.2) Maces & Flails
 - Level 3.8 Armour
 - Level 3.5 Dodging


You had 7 spell levels left.
You didn't know any spells.
Your spell library was empty.

Dungeon Overview and Level Annotations

Branches:
Dungeon (7/15)             Temple (1/1) D:5

Altars:
Ashenzari
Cheibriados
Elyvilon
Fedhas
Kikubaaqudgha
Makhleb
Nemelex Xobeh
Trog
Xom
Yredelemnul
The Shining One

Shops:
D:4 ***


Innate Abilities, Weirdness & Mutations

You have a pair of horns on your head.
You reflexively headbutt those who attack you in melee.


Message History

The komodo dragon is moderately wounded.
The komodo dragon bites you!
You slice the komodo dragon!!
The komodo dragon looks as sick as possible!
The komodo dragon is almost dead.
You feel the effects of Trog's Hand fading.
You kill the komodo dragon!
Trog accepts your kill.
Your base Axes skill increases to level 6!
Items here: [ | ††.
Okay, then.
Your skin stops crawling.
You feel less strong-willed.
Found a phial of floods.
You can't go down here!
Found a weird glowing staff.
You see here a phial of floods.
b - a phial of floods
Found 2 scrolls of blinking.
You see here a staff of conjuration.
A boulder beetle comes into view.
You see here 2 scrolls of blinking.
w - 3 scrolls of blinking (gained 2)
The boulder beetle curls into a ball and begins rolling!
The boulder beetle hits you!!!
Ouch! That really hurt!
The boulder beetle stops rolling and uncurls.
A red film seems to cover your vision as you go berserk!
You feel yourself moving faster!
You feel mighty! The boulder beetle bites you!
* * * LOW HITPOINT WARNING * * *
You slash the boulder beetle!
The boulder beetle is lightly wounded.
The boulder beetle bites you!
* * * LOW HITPOINT WARNING * * *
You are too berserk!
Unknown command.
You slice the boulder beetle!!
The boulder beetle looks as sick as possible!
The boulder beetle is heavily wounded.
The boulder beetle bites you!
You die...

.....#........#
.<.....#..#<.## ..
.....###.....# .
.....#......## .♣
..........#### ### .
........###..###|#.#
......###.....#.##.##.#
....###..####..#.B...#
..###.|.....[.##@#○..#
##'.†#########..##
##..# ..###..[.... ###
. #...###..###
###...###... #......#
#. ##....#...#
........... ...######.#


You could see a boulder beetle (extremely poisoned).

Vanquished Creatures
  A gargoyle (D:6)
  A komodo dragon (D:7)
  Eustachio (D:5)
  An ice beast (D:6)
  2 ogres
  A phantom (D:7)
  A centaur (D:5)
  A necrophage (D:5)
  2 scorpions
  A killer bee (D:7)
  A howler monkey (D:5)
  An orc priest (D:6)
  A jelly (D:4)
  2 iguanas
  7 orc wizards
  4 gnolls (D:2)
  11 adders
  A shadow imp (D:5)
  3 white imps
  3 ufetubi
  3 worms
  4 dart slugs
  17 orcs
  6 ball pythons
  5 bats
  10 endoplasms
  3 giant cockroaches (D:3)
  6 goblins
  5 hobgoblins
  3 jackals (D:1)
  5 kobolds
  3 quokkas
  3 frilled lizards
  2 rats (D:1)
121 creatures vanquished.

Vanquished Creatures (others)
  A fungus (D:3)
  2 plants (D:3)
3 creatures vanquished.

Grand Total: 124 creatures vanquished

Notes
Turn   | Place    | Note
-------+----------+-------------------------------------------
     0 | D:1      | groovy9 the Minotaur Berserker began the quest for the Orb.
     0 | D:1      | Reached XP level 1. HP: 19/19 MP: 0/0
   335 | D:1      | Reached XP level 2. HP: 24/27 MP: 1/1
  1114 | D:2      | Reached skill level 4 in Maces & Flails
  1114 | D:2      | Reached XP level 3. HP: 32/33 MP: 2/2
  1658 | D:2      | Reached XP level 4. HP: 40/40 MP: 3/3
  2843 | D:3      | Reached ** piety under Trog
  2951 | D:3      | Found a faded altar of an unknown god.
  2977 | D:3      | Found a burning altar of Makhleb.
  3032 | D:3      | Reached XP level 5. HP: 46/47 MP: 4/4
  3080 | D:3      | Found a broken altar of Ashenzari.
  3137 | D:3      | Found a sparkling altar of Nemelex Xobeh.
  3145 | D:3      | Found a basalt altar of Yredelemnul.
  3287 | D:3      | Found a shimmering altar of Xom.
  3418 | D:4      | Found Rauvoul's Overcharged Wands.
  3529 | D:4      | Reached skill level 5 in Maces & Flails
  3829 | D:4      | Found Luocvohasi's General Store.
  3833 | D:4      | Found Jounniat's Specific Store.
  3883 | D:4      | Reached skill level 6 in Maces & Flails
  3914 | D:4      | Reached XP level 6. HP: 50/53 MP: 5/5
  4092 | D:4      | Found a white marble altar of Elyvilon.
  4674 | D:5      | Entered Level 5 of the Dungeon
  4674 | D:5      | Noticed Eustachio
  4687 | D:5      | Killed Eustachio
  4688 | D:5      | Reached skill level 7 in Maces & Flails
  4774 | D:5      | Reached skill level 8 in Maces & Flails
  4774 | D:5      | Reached XP level 7. HP: 55/60 MP: 6/6
  5010 | D:5      | Found a staircase to the Ecumenical Temple.
  5139 | D:5      | Reached skill level 9 in Maces & Flails
  5787 | Temple   | Entered the Ecumenical Temple
  5848 | D:5      | Identified a scroll of acquirement
  5848 | D:5      | Acquired a +4 ring of slaying
  5915 | D:6      | Reached skill level 10 in Maces & Flails
  6100 | D:6      | Noticed a gargoyle
  6110 | D:6      | Killed a gargoyle
  6111 | D:6      | Reached skill level 11 in Maces & Flails
  6111 | D:6      | Reached XP level 8. HP: 67/67 MP: 7/7
  6209 | D:6      | Identified the +7 battleaxe of Famine {venom, rC++ MP+9
                  | Str-2}
  6269 | D:6      | Reached skill level 1 in Axes
  6382 | D:6      | Found an ancient bone altar of Kikubaaqudgha.
  6382 | D:6      | Found a blossoming altar of Fedhas.
  6582 | D:6      | Found a snail-covered altar of Cheibriados.
  6873 | D:7      | Noticed a komodo dragon
  6882 | D:7      | Reached skill level 5 in Axes
  6884 | D:7      | Killed a komodo dragon
  6965 | D:7      | Noticed a boulder beetle
  6971 | D:7      | Slain by a boulder beetle

Illustrated notes

Levels and vault maps discovered:
D:1:      ncdulo_lavacross, layout_basic, minivault_25, minmay_crystal_water
D:2:      layout_basic, grunt_decor_clamped, minmay_between
D:3:      layout_loops_cross, mainiacjoe_overflow_big_doors,
          mainiacjoe_overflow_catch_the_wave, mainiacjoe_overflow_alcove_2,
          shapermc_ecumenical_altar_acropolis, minmay_misc_feat_x
D:4:      layout_loops_corners, lemuel_round_altar, portal_sewer_entry_d,
          nicolae_specific_store, nicolae_shop_overcharged_wands
D:5:      layout_basic, minmay_temple_entry_purple_smoke, solitary_fountain,
          minmay_misc_feat_rugged, uniq_eustachio
D:6:      layout_rooms, grunt_temple_overflow_growth_and_decay, slow_altar_2,
          minmay_manual_mullet
D:7:      minmay_the_grid_four_pointed_star
          [minmay_the_grid_triangle_9x9_shrine,
          minmay_the_grid_triangle_9x9_from_above,
          minmay_the_grid_triangle_9x9_warning,
          minmay_the_grid_triangle_9x9_wacky_v,
          minmay_the_grid_prize_trominoes], layout_rooms
Temple:   hellmonk_temple_of_storms

Skill      XL: |  1  2  3  4  5  6  7  8 |
---------------+-------------------------+-----
Fighting       | 4 |  4.7
Maces & Flails | 4 6 8 11 | 11.5
Armour         | 3 |  3.8
Dodging        | 3 |  3.5
Axes           | 6 |  6.4

Action                   |  1- 3 |  4- 6 |  7- 9 || total
-------------------------+-------+-------+-------++-------
Melee: Mace              |    75 |    12 |       ||    87
       Headbutt          |    10 |    16 |    15 ||    41
       Flail             |       |   107 |    77 ||   184
       Battleaxe         |       |       |    39 ||    39
Invok: Berserk           |     1 |     2 |     2 ||     5
       Trog's Hand       |       |       |     3 ||     3
  Use: Potion            |     5 |     2 |     3 ||    10
       Scroll            |     2 |    11 |     5 ||    18
 Stab: Sleeping          |       |     1 |       ||     1
Armor: Animal skin       |    21 |    16 |       ||    37
       Leather armour    |       |    19 |    16 ||    35
       Plate armour      |       |       |    32 ||    32
       Ring mail         |       |       |     7 ||     7
Dodge: Dodged            |    50 |    63 |    41 ||   154
Block: Buckler           |     1 |    12 |     9 ||    22
